 Dungeon Crawl Stone Soup version 0.31.0-7-gf635a9b802 (webtiles) character file.

Game seed: 23212098397253633

11365 Mahakala the Severer (level 11, -4/138 HPs)
             Began as a Minotaur Berserker on Jan 23, 2024.
             Was a Priest of Trog.
             Slain by a water moccasin (8 damage)
             ... on level 1 of the Lair of Beasts.
             The game lasted 00:31:02 (11520 turns).

Mahakala the Severer (Minotaur Berserker)          Turns: 11520, Time: 00:31:03

Health: -4/138     AC:  7    Str: 24    XL:     11   Next: 48%
Magic:  10/10      EV: 16    Int:  6    God:    Trog [***...]
Gold:   586        SH:  0    Dex: 10    Spells: 10/10 levels left

rFire   . . .        E - +2 battleaxe (heavy)
rCold   . . .        (shield currently unavailable)
rNeg    . . .        i - +1 ring mail {rPois}
rPois   +            (helmet restricted)
rElec   .            (no cloak)
rCorr   +            (no gloves)
SInv    .            (no boots)
Will    .....        (no amulet) Stlth
                     y - +5 ring of evasion
HPRegen 0.43/turn    b - ring of resist corrosion
MPRegen 0.12/turn

%: no passive effects
@: berserking, very quick
A: horns 2, retaliatory headbutt
a: Renounce Religion, Berserk, Trog's Hand


You were on level 1 of the Lair of Beasts.
You worshipped Trog.
Trog was most pleased with you.
You visited 2 branches of the dungeon, and saw 11 of its levels.

You collected 586 gold pieces.

Inventory:

Hand Weapons
 s - a +0 falchion of flaming
 x - a +0 war axe
 D - a +0 sling
 E - a +2 heavy battleaxe (weapon)
Missiles
 f - 3 atropa-tipped darts {!f}
 n - 4 javelins (quivered)
 v - 3 boomerangs
 z - 5 throwing nets {!f}
 C - 16 poisoned darts
Armour
 i - a +1 ring mail of poison resistance (worn)
 m - a +0 chain mail
Jewellery
 b - a ring of resist corrosion (right hand)
 c - a ring of ice
 r - a ring of flight
 y - a +5 ring of evasion (left hand)
 H - a +5 ring of evasion
Wands
 d - a wand of iceblast (9)
 t - a wand of flame (17)
 u - a wand of paralysis (7)
 w - a wand of polymorph (21)
Scrolls
 a - a scroll of summoning {unknown}
 g - a scroll of brand weapon {unknown}
 k - 6 scrolls of poison
 o - 4 scrolls of immolation
 p - 2 scrolls of teleportation {unknown}
 q - 3 scrolls of fog
 B - a scroll of identify {@r1}
 G - a scroll of torment {unknown}
 K - a scroll of enchant armour {unknown}
Potions
 e - 2 potions of heal wounds {@q2}
 h - 2 potions of haste {@q3}
 j - a potion of attraction
 l - 4 potions of curing {@q1}
 A - a potion of invisibility
 I - 2 potions of mutation
 J - a potion of might {unknown}


   Skills:
 + Level 7.3 Fighting
 + Level 18.5 Axes
 - Level 5.0 Throwing
 + Level 7.3 Armour
 - Level 2.1 Dodging


You had 10 spell levels left.
You didn't know any spells.
Your spell library was empty.

Dungeon Overview and Level Annotations

Branches:
Dungeon (10/15)            Temple (0/1) D:6            Lair (1/5) D:10
    Orc (0/2) D:10

Altars:
Vehumet

Shops:
D:10 (

Annotations:
D:2 1 runed translucent door, Crazy Yiuf
Lair:1 Grum


Innate Abilities, Weirdness & Mutations

You have a pair of horns on your head.
You reflexively headbutt those who attack you in melee.


Message History

It was a scroll of noise.
You drop a scroll of noise.
Okay, then.
There is a staircase to the Lair, spattered with blood here.
You climb downwards.
Welcome back to the Lair of Beasts!
Level annotation: Grum The water moccasin bites you but does no damage.
The death yak gores you! The death yak gores you!!
The water moccasin barely misses you. You furiously retaliate!
You headbutt the water moccasin. The death yak gores you!!
* * * LOW HITPOINT WARNING * * *
The death yak gores you!!
* * * LOW HITPOINT WARNING * * *
There is a staircase back to the Dungeon, spattered with blood here.
Okay, then.
Okay, then.
Okay, then.
Okay, then.
Cleave: E) +2 battleaxe (heavy)
Press: ? - help, Dir - move target, f - death yak
Aim: a death yak (about 19% to evade your +2 heavy battleaxe)
Okay, then.
Okay, then.
Press: ? - help, v - describe, . - travel, g - get item
Here: a death yak Item here: a wolf skeleton.
The floor.
Okay, then.
Unknown command.
Unknown command.
Unknown command.
A red film seems to cover your vision as you go berserk!
You feel yourself moving faster!
You feel mighty! The water moccasin closely misses you.
The death yak gores you!
* * * LOW HITPOINT WARNING * * *
The death yak barely misses you. You furiously retaliate!
You headbutt the death yak! You completely miss the death yak.
You miss the water moccasin. You slash the death yak!
The water moccasin bites you!
You die...

....... .......
##.^.....
.#######........
.)..............
..........Y.....
........Y.......
........@.......
.......SYĆ·......
...............b
.#..#.##........
...... ........#
.#... #........
..... #.......#
.#.. #.......#
+.. .....g.


You could see 3 death yaks and a water moccasin.

Vanquished Creatures
  5 two-headed ogres
  A death yak (D:10)
  Amaemon (D:10)
  2 cyclopes
  A gargoyle (D:10)
  A komodo dragon (D:10)
  2 trolls (D:10)
  Sigmund (D:4)
  A wraith (D:10)
  A yak (D:10)
  4 steam dragons
  Eustachio (D:5)
  A warg (D:10)
  A vampire mosquito (D:10)
  An acid dragon (D:9)
  2 water moccasins
  2 orc warriors (D:10)
  An ice beast (D:7)
  4 sky beasts
  A black bear (D:6)
  5 wolves
  3 centaurs
  2 bullfrogs
  2 gnoll sergeants
  2 scorpions
  8 wights
  9 killer bees
  4 jellies
  A howler monkey (D:10)
  2 bombardier beetles
  3 gnoll boudas
  5 hounds
  4 orc priests
  2 iguanas (D:6)
  6 orc wizards
  3 adders
  24 gnolls
  A shadow imp (D:6)
  2 white imps
  4 ribbon worms
  9 dart slugs
  37 orcs
  A bat (D:2)
  5 endoplasms
  3 giant cockroaches
  8 goblins
  5 hobgoblins
  4 jackals
  5 quokkas
  8 ball pythons
  3 frilled lizards (D:1)
  6 kobolds
  4 rats
224 creatures vanquished.

Vanquished Creatures (collateral kills)
  An orange demon (D:10)
1 creature vanquished.

Grand Total: 225 creatures vanquished

Notes
Turn   | Place    | Note
-------+----------+-------------------------------------------
     0 | D:1      | Mahakala the Minotaur Berserker began the quest for the
                  | Orb.
     0 | D:1      | Reached XP level 1. HP: 19/19 MP: 0/0
    91 | D:1      | Reached skill level 4 in Axes
   122 | D:1      | Reached XP level 2. HP: 20/27 MP: 1/1
   460 | D:2      | Reached XP level 3. HP: 28/33 MP: 2/2
   573 | D:2      | Reached ** piety under Trog
   574 | D:2      | Found a faded altar of an unknown god.
   735 | D:2      | Found a runed translucent door.
   736 | D:2      | Noticed Crazy Yiuf
  1075 | D:3      | Noticed a scorpion
  1086 | D:3      | Killed a scorpion
  1087 | D:3      | Reached skill level 5 in Axes
  1087 | D:3      | Reached XP level 4. HP: 41/41 MP: 3/3
  1352 | D:3      | Reached skill level 5 in Fighting
  1352 | D:3      | Reached skill level 6 in Axes
  1352 | D:3      | Reached XP level 5. HP: 48/48 MP: 4/4
  2012 | D:4      | Reached skill level 7 in Axes
  2233 | D:4      | Noticed Sigmund
  2267 | D:4      | Killed Sigmund
  2268 | D:4      | Reached XP level 6. HP: 56/56 MP: 5/5
  2417 | D:4      | Reached skill level 8 in Axes
  2614 | D:4      | Reached XP level 7. HP: 61/61 MP: 6/6
  2627 | D:4      | Reached *** piety under Trog
  3060 | D:5      | Entered Level 5 of the Dungeon
  3068 | D:5      | Reached skill level 9 in Axes
  3331 | D:5      | Noticed Eustachio
  3349 | D:5      | Killed Eustachio
  3537 | D:5      | Reached skill level 10 in Axes
  4064 | D:6      | Noticed a steam dragon
  4070 | D:6      | Killed a steam dragon
  4071 | D:6      | Reached XP level 8. HP: 32/71 MP: 7/7
  4364 | D:6      | You fall into a shaft and drop 1 floor!
  4663 | D:6      | Found a staircase to the Ecumenical Temple.
  4860 | D:6      | Reached skill level 11 in Axes
  5400 | D:7      | Reached skill level 12 in Axes
  5645 | D:7      | Reached XP level 9. HP: 71/79 MP: 8/8
  5858 | D:7      | Reached skill level 13 in Axes
  5860 | D:7      | Reached **** piety under Trog
  6601 | D:7      | Reached skill level 14 in Axes
  7196 | D:8      | Reached skill level 1 in Throwing
  8031 | D:8      | Reached skill level 5 in Armour
  8616 | D:9      | Noticed a two-headed ogre
  8621 | D:9      | Killed a two-headed ogre
  8622 | D:9      | Reached XP level 10. HP: 86/86 MP: 9/9
  8885 | D:9      | Noticed a two-headed ogre
  8939 | D:9      | Noticed a cyclops
  8998 | D:9      | Found a radiant altar of Vehumet.
  9018 | D:9      | Killed a two-headed ogre
  9019 | D:9      | Reached skill level 5 in Throwing
  9274 | D:9      | Killed a cyclops
  9275 | D:9      | Reached skill level 15 in Axes
  9350 | D:10     | Entered Level 10 of the Dungeon
  9364 | D:10     | Noticed an orange demon
  9371 | D:10     | Found a staircase to the Orcish Mines.
  9376 | D:10     | Noticed Amaemon
  9471 | D:10     | Found Favia's Antique Weapon Emporium.
  9589 | D:10     | Killed Amaemon
  9590 | D:10     | Reached skill level 16 in Axes
  9737 | D:10     | Noticed a cyclops
  9750 | D:10     | Killed a cyclops
  9776 | D:10     | Noticed a two-headed ogre
  9784 | D:10     | Killed an orange demon
  9791 | D:10     | Killed a two-headed ogre
  9792 | D:10     | Reached skill level 17 in Axes
  9792 | D:10     | Reached XP level 11. HP: 35/92 MP: 10/10
  9823 | D:10     | Noticed a two-headed ogre
  9960 | D:10     | Killed a two-headed ogre
 10635 | D:10     | Noticed a two-headed ogre
 10647 | D:10     | Killed a two-headed ogre
 10648 | D:10     | Reached skill level 18 in Axes
 10723 | D:10     | Found a staircase to the Lair.
 11232 | Lair:1   | Entered Level 1 of the Lair of Beasts
 11235 | Lair:1   | Noticed Grum
 11267 | Lair:1   | Noticed a death yak
 11269 | Lair:1   | Noticed a death yak
 11271 | Lair:1   | Noticed a death yak
 11273 | Lair:1   | Noticed a death yak
 11282 | D:10     | Killed a death yak
 11519 | Lair:1   | HP: 4/138 [death yak (7)]
 11520 | Lair:1   | Slain by a water moccasin

Illustrated notes

Levels and vault maps discovered:
D:1:      lordsloth_arrival_two_stooges, layout_basic
D:2:      layout_rooms, hellmonk_ecumenical_altar_crossroads,
          uniq_crazy_yiuf_cottage
D:3:      layout_basic
D:4:      layout_gridville, serial_rivers, chequers_serial_rivers_room_b,
          chequers_serial_rivers_micro_c, chequers_serial_rivers_micro_b,
          chequers_serial_rivers_micro_d, chequers_serial_rivers_room_a,
          chequers_serial_rivers_micro_a, uniq_sigmund
D:5:      kennysheep_slugbush, layout_basic, uniq_eustachio
D:6:      layout_loops_cross, temple_hall, hangedman_decor_peaks_small
D:7:      layout_basic
D:8:      layout_layer_cave, hangedman_abyss_or_decor_clamps
D:9:      layout_rooms, mainiacjoe_overflow_boulevard
D:10:     minmay_ornate_pinched, layout_basic, david_lair_shrubbed,
          minmay_orc_entry_guard_dogs, serial_shops, shop, uniq_amaemon
Lair:1:   layout_regular_city, ebering_ghost_rock_garden,
          nicolae_lair_grazing_beasts [nicolae_sub_lair_graze_edge,
          nicolae_sub_lair_graze_edge, nicolae_sub_lair_graze_edge,
          nicolae_sub_lair_graze_edge], lemuel_fruit_fields, grunt_megastairs_3,
          lemuel_fruit_tree, uniq_grum, uniq_erica

Skill      XL: |  1  2  3  4  5  6  7  8  9 10 11 |
---------------+----------------------------------+-----
Axes           | 4 5 6 7 8 10 12 14 17 18 | 18.5
Fighting       | 4 5 6 7 |  7.3
Armour         | 4 6 7 |  7.3
Throwing       | 4 5 |  5.0
Dodging        | |  2.1

Action                     |  1- 3 |  4- 6 |  7- 9 | 10-12 || total
---------------------------+-------+-------+-------+-------++-------
  Melee: Hand axe          |    56 |   115 |   113 |       ||   284
         Headbutt          |     9 |    24 |    51 |    23 ||   107
         Punch             |       |     1 |     3 |     1 ||     5
         War axe           |       |       |   199 |   106 ||   305
         Battleaxe         |       |       |       |    21 ||    21
  Throw: Javelin           |       |       |       |     4 ||     4
         Dart              |       |       |       |     4 ||     4
 Invoke: Berserk           |     1 |     2 |     4 |     9 ||    16
         Trog's Hand       |       |     1 |       |     1 ||     2
         Brothers in Arms  |       |       |       |     1 ||     1
    Use: Scroll            |       |       |     8 |     4 ||    12
 Armour: Animal skin       |    12 |       |       |       ||    12
         Ring mail         |    12 |    72 |   204 |   102 ||   390
         Skin              |     1 |       |       |       ||     1
         Chain mail        |       |       |    11 |       ||    11
  Dodge: Dodged            |    44 |    63 |   131 |    86 ||   324
